 Dungeon Crawl Stone Soup version 0.29-a0-294-g83ea962da3 (webtiles) character file.

Game seed: 11454099156058571734

147 Armakuni the Cudgeller (level 5, 0/41 HPs)
             Began as a Human Wanderer on Mar 18, 2022.
             Slain by a hobgoblin (3 damage)
             ... led by Robin
             ... on level 3 of the Dungeon.
             The game lasted 00:04:29 (2703 turns).

Armakuni the Cudgeller (Human Wanderer)             Turns: 2703, Time: 00:04:30

Health: 0/41       AC:  7    Str: 13    XL:     5   Next: 54%
Magic:  5/5        EV: 10    Int: 11    God:
Gold:   154        SH:  5    Dex: 15    Spells: 4/4 levels left

rFire   . . .      SeeInvis .   a - +2 mace
rCold   . . .      Faith    .   c - +0 buckler
rNeg    . . .      Spirit   .   f - +0 ring mail
rPois   .          Reflect  .   (no helmet)
rElec   .          Harm     .   n - +0 cloak
rCorr   .          Rampage  .   e - +0 pair of gloves
Will    .....                   (no boots)
Stlth   +.........              (no amulet)
HPRegen 0.13/turn               (no ring)
MPRegen 0.09/turn               (no ring)

@: lethally poisoned (0 -> -3), hasted, very quick
A: no striking features
a: no special abilities


You were on level 3 of the Dungeon.
You visited 1 branch of the dungeon, and saw 3 of its levels.

You collected 154 gold pieces.

Inventory:

Hand Weapons
 a - a +2 mace (weapon)
 h - a +4 quarterstaff of chaos
 k - a +0 quarterstaff
Missiles
 b - 5 silver javelins (quivered)
Armour
 c - a +0 buckler (worn)
 e - a +0 pair of gloves (worn)
 f - a +0 ring mail (worn)
 n - a +0 cloak (worn)
Jewellery
 F - a ring of fire
Scrolls
 i - 2 scrolls of teleportation
 j - a scroll of immolation
 l - 2 scrolls of noise


   Skills:
 + Level 3.5 Fighting
 - Level 1.0 Long Blades
 - Level 4.0 Maces & Flails
 - Level 1.0 Throwing
 - Level 2.0 Armour
 - Level 1.1 Dodging
 - Level 3.4 Shields


You had 4 spell levels left.
You didn't know any spells.
Your spell library contained the following spells:

 Spells                   Type           Power      Damage    Failure   Level
 Foxfire                  Conj/Fire      0%         2x1d4     69%         1
 Conjure Flame            Conj/Fire      0%         6-21      96%         3
 Ignite Poison            Fire/Tmut/Pois 0%         N/A       96%         3
 Inner Flame              Hex/Fire       0%         N/A       96%         3
 Mephitic Cloud           Conj/Pois/Air  0%         N/A       96%         3
 Flame Wave               Conj/Fire      0%         2d4       100%        4
 Freezing Cloud           Conj/Ice/Air   0%         6-21      100%        5


Dungeon Overview and Level Annotations

Branches:
Dungeon (3/15)

Altars:

Annotations:
D:3 Robin


Message History

You block Robin's attack.
You thump the bat!
You kill the bat!
Robin barely misses you. Robin throws the goblin at you!
Items here: ! )))))) [ †††††††.
You barely miss Robin.
Robin is severely wounded.
You block the goblin's attack.
You hit Robin.
Robin is almost dead.
Robin hits you but does no damage. The goblin hits you but does no damage.
You are poisoned.
You barely miss the goblin.
The goblin is moderately wounded.
You feel very sick.
Robin drinks a potion.
Robin is healed!
You hit the goblin.
The goblin is severely wounded.
You feel sick. The goblin barely misses you.
You barely miss the goblin.
The goblin is severely wounded.
You feel sick. Robin hits you but does no damage.
A hobgoblin comes into view.
The goblin barely misses you.
You sock the goblin!
You kill the goblin!
You feel sick.
Robin roars a battlecry!
The hobgoblin goes into a battle-frenzy!
The hobgoblin hits you.
* * * LOW HITPOINT WARNING * * *
You hit Robin.
Robin is heavily wounded.
You feel sick. The hobgoblin misses you. Robin hits you with a +0 trident.
* * * LOW HITPOINT WARNING * * *
You hit the hobgoblin but do no damage.
* * * LOW HITPOINT WARNING * * *
You feel sick. The hobgoblin hits you.
You die...

..............>
...........#
...........##
.......(....##
.........b...#
.............#
......#...#..#
.....#######g#
..... ###)@g#
..... ##.###.# ..
#[..#..# ....
#...## ......
###..# .......
###....#
........###.###..#
.........#...#...#
.................#


You could see Robin and a hobgoblin (strong).

Vanquished Creatures
  Crazy Yiuf (D:2)
  An adder (D:2)
  3 worms
  2 dart slugs
  An orc (D:3)
  9 ball pythons
  6 bats
  4 endoplasms
  8 giant cockroaches
  12 goblins
  11 hobgoblins
  10 jackals
  5 quokkas
  2 frilled lizards
  4 kobolds
  3 rats
82 creatures vanquished.

Notes
Turn   | Place    | Note
-------+----------+-------------------------------------------
     0 | D:1      | Armakuni the Human Wanderer began the quest for the Orb.
     0 | D:1      | Armakuni set off with the following items: a +2 mace, a +0
                  | falchion, a +0 buckler, a potion of attraction, a +0
                  | leather armour
     0 | D:1      | Reached XP level 1. HP: 13/13 MP: 1/1
   116 | D:1      | Found a faded altar of an unknown god.
   131 | D:1      | Reached XP level 2. HP: 16/20 MP: 2/2
   217 | D:1      | Reached skill level 1 in Fighting
   217 | D:1      | Reached skill level 1 in Dodging
   466 | D:1      | Reached XP level 3. HP: 26/26 MP: 3/3
  1178 | D:2      | Reached XP level 4. HP: 27/33 MP: 4/4
  1259 | D:2      | Found a runed translucent door.
  1260 | D:2      | Noticed Crazy Yiuf
  2348 | D:2      | Killed Crazy Yiuf
  2349 | D:2      | Reached XP level 5. HP: 41/41 MP: 5/5
  2665 | D:3      | Noticed Robin
  2703 | D:3      | Slain by a hobgoblin

Illustrated notes

Levels and vault maps discovered:
D:1:      dpeg_arrival_renting, layout_rooms, dreamdust_ecumenical_altar_grove,
          st_stairs_10
D:2:      layout_basic, uniq_crazy_yiuf_cottage
D:3:      layout_basic, overflow_temple_1_default, minmay_between, uniq_natasha,
          uniq_robin

Skill      XL: |  1  2  3  4 |
---------------+-------------+-----
Fighting       | 1 2 3 |  3.5
Dodging        | 1 |  1.1
Shields        | 3 |  3.4
Long Blades    | |  1.0
Maces & Flails | |  4.0
Throwing       | |  1.0
Armour         | |  2.0

Action                   |  1- 3 |  4- 6 || total
-------------------------+-------+-------++-------
Melee: Mace              |    87 |   168 ||   255
  Use: Scroll            |     1 |     4 ||     5
       Potion            |       |     4 ||     4
Armor: Leather armour    |     5 |       ||     5
       Ring mail         |    29 |    73 ||   102
Dodge: Dodged            |    37 |    86 ||   123
Block: Buckler           |    19 |    49 ||    68

Table legend: (Time is in decaauts)
 A = Elapsed time spent in this place.
 B = Non-inter-level travel time spent in this place.
 C = Inter-level travel time spent in this place.
 D = Time resting spent in this place.
 E = Time spent auto-exploring this place.
 F = Levels seen in this place.
 G = Mean time per level.
                   A        B        C        D        E       F      G
               +--------+--------+--------+--------+--------+-----+--------+
         Total |   2750 |   2693 |     57 |      0 |   2020 |   3 |  916.7 |
       Dungeon |   2750 |   2693 |     57 |      0 |   2020 |   3 |  916.7 |
               +--------+--------+--------+--------+--------+-----+--------+

Top non-repeatable levels by time:
     D:2: 1420 daAuts
     D:1: 1044 daAuts
     D:3: 286 daAuts
